APP
SEATTLE (APP) MARINERS @ PULASKI YANKEES
10/02/2044
 
TOP OF THE 1ST
Seattle (APP) Mariners batting - Pitching for Pulaski Yankees : RHP Bill Kaiser
Pitching: RHP Bill Kaiser
Batting: RHB Mike Conaway 0-0: Ball
1-0: Fly out, F7 (Flyball, 7LS, EV 83.8 MPH)
Batting: RHB Chris Van Niel 0-0: Foul Ball, location: 2F
0-1: Ball
1-1: Foul Ball, location: 2F
1-2: Foul Ball, location: 2F
1-2: Ball
2-2: Strikes out swinging
Batting: LHB Omar Colunga 0-0: Ball
1-0: Ball
2-0: Foul Ball, location: 2F
2-1: Ball
3-1: Base on Balls
Batting: RHB Tze-meng Li 0-0: Fly out, F5 (Popup, 5SF, EV 81.9 MPH)
Top of the 1st over - 0 runs, 0 hits, 0 errors, 1 left on base; Seattle (APP) 0 - Pulaski 0
BOTTOM OF THE 1ST
Pulaski Yankees batting - Pitching for Seattle (APP) Mariners : RHP Kyle Ridgeway
Pitching: RHP Kyle Ridgeway
Batting: RHB Colby Macon 0-0: Called Strike
0-1: Ball
1-1: Ball
2-1: Swinging Strike
2-2: SOLO HOME RUN (Flyball, 7D, EV 95.6 MPH), Distance : 366 ft
Batting: RHB Jordan Barragan 0-0: Called Strike
0-1: Swinging Strike
0-2: Ground out 5-3 (Groundball, 5, EV 100.6 MPH)
Batting: SHB Victor Ruiz 0-0: Fly out, F7 (Flyball, 7S, EV 83.1 MPH)
Batting: SHB Blake Abbott 0-0: Ball
1-0: Ball
2-0: Ground out U3 (Groundball, 34, EV 82.5 MPH)
Bottom of the 1st over - 1 run, 1 hit, 0 errors, 0 left on base; Seattle (APP) 0 - Pulaski 1
TOP OF THE 2ND
Seattle (APP) Mariners batting - Pitching for Pulaski Yankees : RHP Bill Kaiser
Batting: RHB Ivan Davila 0-0: Ball
1-0: Foul Ball, location: 2F
1-1: Swinging Strike
1-2: Foul Ball, location: 2F
1-2: Foul Ball, location: 2F
1-2: SINGLE (Line Drive, 7LS, EV 103.1 MPH)
Batting: LHB Chang Huie 0-0: Called Strike
0-1: Foul Ball, location: 2F
0-2: Ball
1-2: 2-RUN HOME RUN (Flyball, 9LD, EV 89.4 MPH), Distance : 333 ft
Batting: RHB Victor Rosas 0-0: Ball
1-0: Ball
2-0: Foul Ball, location: 2F
2-1: Ground out 6-3 (Groundball, 6, EV 105.6 MPH)
Batting: RHB Omar Solis 0-0: Called Strike
0-1: Ground out 6-3 (Groundball, 6, EV 100.6 MPH)
Batting: RHB John Vasquez 0-0: Ball
1-0: Called Strike
1-1: Swinging Strike
1-2: Strikes out looking
Top of the 2nd over - 2 runs, 2 hits, 0 errors, 0 left on base; Seattle (APP) 2 - Pulaski 1
BOTTOM OF THE 2ND
Pulaski Yankees batting - Pitching for Seattle (APP) Mariners : RHP Kyle Ridgeway
Batting: SHB Joe Fure 0-0: Ball
1-0: Foul Ball, location: 2F
1-1: Swinging Strike
1-2: Ball
2-2: Foul Ball, location: 2F
2-2: Ground out 5-3 (Groundball, 56S, EV 69.4 MPH)
Batting: RHB Seth Rutz 0-0: Ball
1-0: Foul Ball, location: 2F
1-1: Foul Ball, location: 2F
1-2: Ball
2-2: Ground out 5-3 (Groundball, 5L, EV 84.4 MPH)
Batting: RHB Nick Dunton 0-0: Ball
1-0: Called Strike
1-1: Swinging Strike
1-2: Strikes out looking
Bottom of the 2nd over - 0 runs, 0 hits, 0 errors, 0 left on base; Seattle (APP) 2 - Pulaski 1
TOP OF THE 3RD
Seattle (APP) Mariners batting - Pitching for Pulaski Yankees : RHP Bill Kaiser
Batting: RHB Mike Conaway 0-0: Called Strike
0-1: Ball
1-1: Ground out U3 (Groundball, 34S, EV 90.6 MPH)
Batting: RHB Chris Van Niel 0-0: SINGLE (Groundball, 4D, EV 95.0 MPH)
Batting: LHB Omar Colunga 0-0: Ball
1-0: Grounds into double play, 4-6-3 (Groundball, 4, EV 81.2 MPH)
Top of the 3rd over - 0 runs, 1 hit, 0 errors, 0 left on base; Seattle (APP) 2 - Pulaski 1
BOTTOM OF THE 3RD
Pulaski Yankees batting - Pitching for Seattle (APP) Mariners : RHP Kyle Ridgeway
Batting: RHB Roberto Tena 0-0: Ball
1-0: Ball
2-0: Ball
3-0: Called Strike
3-1: Called Strike
3-2: Foul Ball, location: 2F
3-2: SOLO HOME RUN (Flyball, 7D, EV 98.8 MPH), Distance : 387 ft
Batting: RHB Graham Murphy 0-0: Swinging Strike
0-1: Fly out, F9 (Flyball, 9S, EV 88.1 MPH)
Batting: RHB Colby Macon 0-0: Ball
1-0: Called Strike
1-1: Ball
2-1: Foul Ball, location: 2F
2-2: Foul Ball, location: 2F
2-2: SINGLE (Groundball, 3S, EV 73.1 MPH) (infield hit)
Batting: RHB Jordan Barragan 0-0: Ball
Colby Macon steals 2nd base
1-0: Ball
2-0: SINGLE (Flyball, 78S, EV 93.1 MPH)
Colby Macon to third
Runner from 3rd tries for Home, throw by LF and OUT! 7-2
Batting: SHB Victor Ruiz 0-0: Called Strike
Jordan Barragan is caught stealing 2nd base 2-6
Bottom of the 3rd over - 1 run, 3 hits, 0 errors, 0 left on base; Seattle (APP) 2 - Pulaski 2
TOP OF THE 4TH
Seattle (APP) Mariners batting - Pitching for Pulaski Yankees : RHP Bill Kaiser
Batting: RHB Tze-meng Li 0-0: Called Strike
0-1: Ball
1-1: Foul Ball, location: 2F
1-2: Ball
2-2: Strikes out swinging
Batting: RHB Ivan Davila 0-0: Called Strike
0-1: Swinging Strike
0-2: Strikes out looking
Batting: LHB Chang Huie 0-0: Ball
1-0: Ball
2-0: Called Strike
2-1: Ball
3-1: Base on Balls
Batting: RHB Victor Rosas 0-0: Called Strike
0-1: Ball
1-1: Swinging Strike
1-2: Foul Ball, location: 2F
1-2: 2-RUN HOME RUN (Flyball, 7LD, EV 93.8 MPH), Distance : 335 ft
Batting: RHB Omar Solis 0-0: Ball
1-0: Called Strike
1-1: Ground out 6-3 (Groundball, 6, EV 100.0 MPH)
Top of the 4th over - 2 runs, 1 hit, 0 errors, 0 left on base; Seattle (APP) 4 - Pulaski 2
BOTTOM OF THE 4TH
Pulaski Yankees batting - Pitching for Seattle (APP) Mariners : RHP Kyle Ridgeway
Batting: SHB Victor Ruiz 0-0: Ball
1-0: Ball
2-0: Called Strike
2-1: Foul Ball, location: 2F
2-2: Foul Ball, location: 2F
2-2: Ground out 1-3 (Groundball, 23, EV 71.9 MPH)
Batting: SHB Blake Abbott 0-0: Ball
1-0: Ball
2-0: Ball
3-0: Called Strike
3-1: Base on Balls
Batting: SHB Joe Fure 0-0: Foul Ball, location: 2F
0-1: Ball
1-1: Swinging Strike
1-2: SINGLE (Groundball, 4D, EV 100.0 MPH)
Blake Abbott to second
Batting: RHB Seth Rutz 0-0: Called Strike
0-1: Fly out, F9 (Flyball, 9D, EV 86.2 MPH)
Batting: RHB Nick Dunton 0-0: Swinging Strike
0-1: Foul Ball, location: 2F
0-2: Ball
1-2: Ball
2-2: Ball
3-2: Fly out, F8 (Flyball, 8LD, EV 101.9 MPH)
Bottom of the 4th over - 0 runs, 1 hit, 0 errors, 2 left on base; Seattle (APP) 4 - Pulaski 2
TOP OF THE 5TH
Seattle (APP) Mariners batting - Pitching for Pulaski Yankees : RHP Bill Kaiser
Batting: RHB John Vasquez 0-0: Called Strike
0-1: Called Strike
0-2: Ball
1-2: Foul Ball, location: 2F
1-2: Fly out, F9 (Flyball, 9D, EV 109.4 MPH)
Batting: RHB Mike Conaway 0-0: Fly out, F9 (Flyball, 89D, EV 101.9 MPH)
Batting: RHB Chris Van Niel 0-0: Foul Ball, location: 2F
0-1: Foul Ball, location: 2F
0-2: Ball
1-2: Foul Ball, location: 2F
1-2: Ball
2-2: Foul Ball, location: 2F
2-2: Ball
3-2: Fly out, F7 (Flyball, 7D, EV 96.2 MPH)
Top of the 5th over - 0 runs, 0 hits, 0 errors, 0 left on base; Seattle (APP) 4 - Pulaski 2
BOTTOM OF THE 5TH
Pulaski Yankees batting - Pitching for Seattle (APP) Mariners : RHP Kyle Ridgeway
Batting: RHB Roberto Tena 0-0: Ball
1-0: Foul Ball, location: 2F
1-1: Foul Ball, location: 2F
1-2: Foul Ball, location: 2F
1-2: Ball
2-2: Foul Ball, location: 2F
2-2: Foul Ball, location: 2F
2-2: Ground out 6-3 (Groundball, 6S, EV 88.1 MPH)
Pitching: LHP Mitch Lewis
Batting: RHB Graham Murphy 0-0: Called Strike
0-1: Ball
1-1: Foul Ball, location: 2F
1-2: Strikes out looking
Batting: RHB Colby Macon 0-0: Ball
1-0: Ball
2-0: Ball
3-0: Base on Balls
Batting: RHB Jordan Barragan 0-0: Ball
Wild Pitch!
Colby Macon to second
1-0: Ball
2-0: Called Strike
2-1: SINGLE (Line Drive, 78S, EV 106.9 MPH)
Colby Macon to third
Batting: SHB Victor Ruiz 0-0: Called Strike
0-1: Foul Ball, location: 2F
0-2: Foul Ball, location: 2F
0-2: 3-RUN HOME RUN (Flyball, 7D, EV 95.6 MPH), Distance : 380 ft
Batting: SHB Blake Abbott 0-0: Ball
1-0: Ball
2-0: Ball
3-0: Base on Balls
Batting: SHB Joe Fure 0-0: Swinging Strike
0-1: Ball
1-1: Ball
2-1: Ball
3-1: Fielders Choice at 2nd, 5-4 (Groundball, 56, EV 109.4 MPH)
Bottom of the 5th over - 3 runs, 2 hits, 0 errors, 1 left on base; Seattle (APP) 4 - Pulaski 5
TOP OF THE 6TH
Seattle (APP) Mariners batting - Pitching for Pulaski Yankees : RHP Bill Kaiser
Batting: LHB Omar Colunga 0-0: Swinging Strike
0-1: Fly out, F7 (Flyball, 7S, EV 82.5 MPH)
Batting: RHB Tze-meng Li 0-0: Ball
1-0: Swinging Strike
1-1: SINGLE (Line Drive, 9LS, EV 103.8 MPH)
Batting: RHB Ivan Davila 0-0: Ball
1-0: Called Strike
1-1: Ball
2-1: Swinging Strike
2-2: Strikes out swinging
Pitching: RHP Jake Visconti
Batting: LHB Chang Huie 0-0: Ball
1-0: Foul Ball, location: 2F
1-1: Foul Ball, location: 2F
1-2: Strikes out swinging
Top of the 6th over - 0 runs, 1 hit, 0 errors, 1 left on base; Seattle (APP) 4 - Pulaski 5
BOTTOM OF THE 6TH
Pulaski Yankees batting - Pitching for Seattle (APP) Mariners : LHP Mitch Lewis
Pitching: LHP Adam Parrish
Batting: RHB Seth Rutz 0-0: Called Strike
0-1: Foul Ball, location: 2F
0-2: Foul Ball, location: 2F
0-2: Fly out, F8 (Flyball, 8RXD, EV 99.4 MPH)
Batting: RHB Nick Dunton 0-0: Ball
1-0: Ground out 5-3 (Groundball, 5, EV 84.4 MPH)
Batting: RHB Roberto Tena 0-0: Called Strike
0-1: Ball
1-1: Ball
2-1: Ground out 6-3 (Groundball, 6, EV 100.0 MPH)
Bottom of the 6th over - 0 runs, 0 hits, 0 errors, 0 left on base; Seattle (APP) 4 - Pulaski 5
TOP OF THE 7TH
Seattle (APP) Mariners batting - Pitching for Pulaski Yankees : RHP Jake Visconti
Batting: RHB Victor Rosas 0-0: Ball
1-0: Called Strike
1-1: Foul Ball, location: 2F
1-2: Strikes out swinging
Pinch Hitting: SHB Fernando Jasso 0-0: Called Strike
0-1: Foul Ball, location: 2F
0-2: Strikes out swinging
Batting: RHB John Vasquez 0-0: Called Strike
0-1: Ball
1-1: Called Strike
1-2: Foul Ball, location: 2F
1-2: Strikes out swinging
Top of the 7th over - 0 runs, 0 hits, 0 errors, 0 left on base; Seattle (APP) 4 - Pulaski 5
BOTTOM OF THE 7TH
Pulaski Yankees batting - Pitching for Seattle (APP) Mariners : LHP Adam Parrish
Now at 2B: Tony Morales
Now at SS: Tze-meng Li
Batting: RHB Graham Murphy 0-0: Ball
1-0: Called Strike
1-1: Foul Ball, location: 2F
1-2: Ball
2-2: Ball
3-2: Base on Balls
Batting: RHB Colby Macon 0-0: Sac Bunt to 15 - play at first, batter OUT! 1-4
Graham Murphy to second
Batting: RHB Jordan Barragan 0-0: Ball
1-0: Ball
2-0: Foul Ball, location: 2F
2-1: Foul Ball, location: 2F
2-2: Ground out 6-3 (Groundball, 6, EV 90.6 MPH)
Pitching: RHP Rob Henry
Batting: SHB Victor Ruiz 0-0: Called Strike
0-1: Foul Ball, location: 2F
0-2: Fly out, F9 (Flyball, 9LM, EV 101.9 MPH)
Bottom of the 7th over - 0 runs, 0 hits, 0 errors, 1 left on base; Seattle (APP) 4 - Pulaski 5
TOP OF THE 8TH
Seattle (APP) Mariners batting - Pitching for Pulaski Yankees : RHP Jake Visconti
Batting: RHB Mike Conaway 0-0: Called Strike
0-1: Ground out 6-3 (Groundball, 6, EV 87.5 MPH)
Batting: RHB Chris Van Niel 0-0: Foul Ball, location: 2F
0-1: Ball
1-1: Called Strike
1-2: Ball
2-2: Strikes out looking
Batting: LHB Omar Colunga 0-0: Ball
1-0: Ball
2-0: Ball
3-0: Called Strike
3-1: Called Strike
3-2: Strikes out swinging
Top of the 8th over - 0 runs, 0 hits, 0 errors, 0 left on base; Seattle (APP) 4 - Pulaski 5
BOTTOM OF THE 8TH
Pulaski Yankees batting - Pitching for Seattle (APP) Mariners : RHP Rob Henry
Batting: SHB Blake Abbott 0-0: Called Strike
0-1: Called Strike
0-2: Ground out U3 (Groundball, 3, EV 101.9 MPH)
Batting: SHB Joe Fure 0-0: Foul Ball, location: 2F
0-1: Ball
1-1: Ball
2-1: Called Strike
2-2: Ground out 4-3 (Groundball, 4, EV 80.0 MPH)
Batting: RHB Seth Rutz 0-0: Ball
1-0: Ball
2-0: Foul Ball, location: 2F
2-1: Foul Ball, location: 2F
2-2: Foul Ball, location: 2F
2-2: Ball
3-2: Base on Balls
Pitching: RHP Jose Rios
Batting: RHB Nick Dunton 0-0: Foul Ball, location: 2F
0-1: Foul Ball, location: 2F
0-2: 2-RUN HOME RUN (Flyball, 7D, EV 105.6 MPH), Distance : 388 ft
Batting: RHB Roberto Tena 0-0: Called Strike
0-1: Ball
1-1: Ball
2-1: Foul Ball, location: 2F
2-2: Foul Ball, location: 2F
2-2: Foul Ball, location: 2F
2-2: Ball
3-2: Foul Ball, location: 2F
3-2: Base on Balls
Batting: RHB Graham Murphy 0-0: Called Strike
0-1: Ball
1-1: Called Strike
Roberto Tena steals 2nd base
1-2: Ball
2-2: SINGLE (Groundball, 4MD, EV 100.6 MPH)
Roberto Tena to third
Runner from 3rd tries for Home, SAFE, throw by CF to home
Batting: RHB Colby Macon 0-0: Ball
Graham Murphy steals 2nd base
1-0: Ball
2-0: Called Strike
2-1: Foul Ball, location: 2F
2-2: Foul Ball, location: 2F
2-2: Ball
3-2: Ground out U3 (Groundball, 3S, EV 86.9 MPH)
Bottom of the 8th over - 3 runs, 2 hits, 0 errors, 1 left on base; Seattle (APP) 4 - Pulaski 8
TOP OF THE 9TH
Seattle (APP) Mariners batting - Pitching for Pulaski Yankees : RHP Jake Visconti
Pitching: RHP Travis Tate
Batting: RHB Tze-meng Li 0-0: DOUBLE (Line Drive, 89M, EV 101.9 MPH)
Batting: RHB Ivan Davila 0-0: Called Strike
0-1: Ball
1-1: Called Strike
1-2: Strikes out swinging
Batting: LHB Chang Huie 0-0: Called Strike
0-1: Ground out 6-3 (Groundball, 6, EV 100.6 MPH)
Batting: RHB Victor Rosas 0-0: Ball
Wild Pitch!
Tze-meng Li to third
1-0: Called Strike
1-1: Ball
2-1: Ground out 4-3 (Groundball, 4, EV 87.5 MPH)
Top of the 9th over - 0 runs, 1 hit, 0 errors, 1 left on base; Seattle (APP) 4 - Pulaski 8
Thursday, March 31st , 2022 - OOTP Baseball 22.12 Build 89